 Dungeon Crawl Stone Soup version 0.28.0-43-g3370ac3207 (webtiles) character file.

Game seed: 12301129319842103266

2392 H0rd4k the Thaumaturge (level 9, -12/47 HPs)
             Began as a Deep Elf Hedge Wizard on Mar 17, 2022.
             Mangled by an ogre
             ... wielding a +0 glaive
              (23 damage)
             ... in a bailey on Mar 18, 2022.
             The game lasted 00:19:39 (9559 turns).

H0rd4k the Thaumaturge (Deep Elf Hedge Wizard)      Turns: 9559, Time: 00:19:39

Health: -12/47     AC:  4    Str:  7    XL:     9   Next: 22%
Magic:  10/26      EV: 17    Int: 24    God:
Gold:   309        SH:  0    Dex: 14    Spells: 21/30 levels left

rFire   . . .      SeeInvis .   g - +2 dagger (protect)
rCold   . . .      Faith    .   (no shield)
rNeg    + . .      Spirit   .   b - +0 robe
rPois   +          Reflect  .   c - +0 hat
rElec   .          Harm     .   (no cloak)
rCorr   .          Rampage  .   (no gloves)
Will    .....                   (no boots)
Stlth   ++........              (no amulet)
HPRegen 0.15/turn               n - ring of positive energy
MPRegen 0.20/turn               o - ring of Xizxa {rPois EV+4}

@: unable to read
A: iridescent scales 1, subdued magic 1, inability to read while threatened
a: no special abilities


You were in a bailey.
You visited 1 branch of the dungeon, and saw 7 of its levels.
You also visited: Bailey.

You collected 309 gold pieces.

Inventory:

Hand Weapons
 d - a +3 dagger
 g - a +2 dagger of protection (weapon)
 m - a +1 dagger of electrocution
Armour
 b - a +0 robe (worn)
 c - a +0 hat (worn)
Jewellery
 n - a ring of positive energy (left hand)
 o - the ring of Xizxa (right hand) {rPois EV+4}
   (You found it on level 3 of the Dungeon)

   [ring of evasion]

   EV:        It affects your evasion (+4).
   rPois:     It protects you from poison.
Wands
 a - a wand of flame (44)
 h - a wand of digging (6)
Scrolls
 e - 5 scrolls of identify
 f - a scroll of fog
Potions
 i - a potion of flight
 j - 4 potions of mutation
 k - a potion of resistance


   Skills:
 + Level 1.5 Fighting
 + Level 0.5 Short Blades
 + Level 4.5 Dodging
 - Level 2.4 Stealth
 + Level 11.3 Spellcasting
 + Level 7.0 Conjurations
 + Level 1.1 Summonings
 + Level 2.1 Translocations
 + Level 2.6 Fire Magic
 + Level 3.0 Air Magic
 + Level 3.0 Poison Magic
 + Level 0.4 Evocations


You had 21 spell levels left.
You knew the following spells:

 Your Spells              Type           Power      Damage    Failure   Level
a - Magic Dart            Conj           100%       1d8       1%          1
b - Blink                 Tloc           36%        N/A       2%          2
c - Conjure Flame         Conj/Fire      28%        6-21      1%          3
d - Mephitic Cloud        Conj/Pois/Air  26%        N/A       1%          3

Your spell library contained the following spells:

 Spells                   Type           Power      Damage    Failure   Level
 Scorch                   Fire           40%        2d7       1%          2
 Slow                     Hex            40%        N/A       3%          1
 Call Imp                 Summ           14%        N/A       3%          2
 Flame Wave               Conj/Fire      28%        2d8       4%          4
 Summon Cactus Giant      Summ           7%         N/A       99%         6


Dungeon Overview and Level Annotations

Branches:
Dungeon (7/15)             Temple (0/1) D:7          Bailey (1/1)

Altars:
Ashenzari

Shops:
D:3 ?

Annotations:
D:1 exclusion: downstairs
D:3 exclusion: downstairs
D:4 2 transporters, exclusion: 2 downstairs, weresquid's ghost, amateur TeFE
D:5 exclusion: 2 downstairs


Innate Abilities, Weirdness & Mutations

You are partially covered in iridescent scales. (AC +2)
Your spells are a little easier to cast, but a little less powerful.
You sometimes lose the ability to read scrolls when taking damage.


Message History

Press: ? - help, Shift-Dir - straight line, f - spriggan
Aim: a spriggan, wielding a +0 trident (chance to affect: 67%)
The ball explodes into a vile cloud!
The stinking cloud engulfs the spriggan but does no damage.
You hear a shout! x3
The spriggan is engulfed in noxious fumes.
The spriggan appears confused.
The spriggan is engulfed in noxious fumes.
The spriggan appears confused.
Casting: Mephitic Cloud (safe; 1% risk of failure)
Confirm with . or Enter, or press ? or * to list all spells.
Aiming: Mephitic Cloud (safe; 1% risk of failure)
Press: ? - help, Shift-Dir - straight line, f/p - spriggan
Aim: a spriggan, wielding a +0 trident (confused, chance to affect: 67%)
The ball explodes into a vile cloud!
The stinking cloud engulfs the ogre but does no damage.
The ogre is heavily wounded.
The stinking cloud engulfs the spriggan but does no damage.
You hear a shout! x3
The spriggan is engulfed in noxious fumes.
The spriggan appears confused.
The spriggan hits the ogre with a +0 trident.
The ogre is engulfed in noxious fumes.
The ogre hits you from afar with a +0 halberd!
You feel threatened and lose the ability to read scrolls!
* * * LOW HITPOINT WARNING * * *
Casting: Mephitic Cloud (safe; 1% risk of failure)
Confirm with . or Enter, or press ? or * to list all spells.
Aiming: Mephitic Cloud (safe; 1% risk of failure)
Press: ? - help, Shift-Dir - straight line, f - ogre, p - spriggan
Aim: an ogre, wielding a +0 glaive (chance to affect: 77%)
The ball explodes into a vile cloud!
The stinking cloud engulfs the ogre but does no damage.
You can read scrolls again.
You hear a shout! x2
The spriggan is engulfed in noxious fumes.
The spriggan appears confused.
The ogre is engulfed in noxious fumes.
The ogre hits you from afar with a +0 glaive!!
You feel threatened and lose the ability to read scrolls!
You die...

### i. ##.##
O.# ##...##
..# #.....#
..#
##.....###..#
#§☼☼∩..≈≈≈..♣
#☼Oi..)≈≈≈..#
#☼☼○°..≈≈≈..#
#@☼O...≈≈≈..♣
#.☼.☼..≈≈≈..♣
##.....###..#
#.....# #..#
##...## #..
##.## ###


You could see 2 ogres and a spriggan (confused).

Vanquished Creatures
  Sigmund (D:6)
  Eustachio (D:5)
  A steam dragon (D:6)
  Menkaure (D:6)
  A water moccasin (D:4)
  Duvessa (D:5)
  A sky beast (D:6)
  An ogre (Bailey)
  A centaur (D:7)
  A kobold brigand (D:4)
  A phantom (D:5)
  2 bullfrogs (D:6)
  4 scorpions
  Dowan (D:5)
  A water moccasin skeleton (D:4)
  3 wights
  3 hounds
  A jelly (D:4)
  2 orc priests
  A centaur skeleton (D:4)
  A bullfrog skeleton (D:5)
  An iguana (D:3)
  Terence (D:3)
  3 orc wizards
  A hound zombie (D:5)
  6 gnolls
  A howler monkey zombie (D:5)
  10 adders
  A white imp (D:7)
  2 worms
  3 dart slugs
  21 orcs
  6 bats
  11 endoplasms
  5 giant cockroaches
  6 goblins
  7 hobgoblins
  4 kobolds
  3 quokkas
  10 ball pythons
  2 frilled lizards (D:1)
  7 rats
141 creatures vanquished.

Vanquished Creatures (others)
  16 plants
16 creatures vanquished.

Grand Total: 157 creatures vanquished

Notes
Turn   | Place    | Note
-------+----------+-------------------------------------------
     0 | D:1      | H0rd4k the Deep Elf Hedge Wizard began the quest for the
                  | Orb.
     0 | D:1      | Reached XP level 1. HP: 10/10 MP: 7/7
   259 | D:1      | Reached skill level 5 in Spellcasting
   282 | D:1      | Reached XP level 2. HP: 14/15 MP: 5/10
  1600 | D:2      | Reached XP level 3. HP: 15/19 MP: 6/12
  1603 | D:2      | Learned a level 2 spell: Blink
  1607 | D:2      | Learned a level 3 spell: Conjure Flame
  1611 | D:2      | Learned a level 3 spell: Mephitic Cloud
  1957 | D:2      | Found a faded altar of an unknown god.
  2504 | D:2      | Reached XP level 4. HP: 24/24 MP: 10/13
  2714 | D:3      | Reached skill level 6 in Spellcasting
  2961 | D:3      | Identified the ring of Xizxa {rPois EV+4}
  3544 | D:3      | Noticed Terence
  3553 | D:3      | Killed Terence
  3554 | D:3      | Reached skill level 1 in Air Magic
  3634 | D:3      | Found Enafedif's Magic Scroll Emporium.
  3675 | D:3      | Found a broken altar of Ashenzari.
  3783 | D:4      | Reached skill level 1 in Poison Magic
  3826 | D:4      | Reached skill level 1 in Fire Magic
  3826 | D:4      | Reached XP level 5. HP: 28/28 MP: 11/15
  4129 | D:3      | HP: 1/28 [adder (5)]
  4134 | D:3      | Gained mutation: You are partially covered in iridescent
                  | scales. (AC +2) [potion of mutation]
  4134 | D:3      | Gained mutation: You sometimes lose the ability to read
                  | scrolls when taking damage. [potion of mutation]
  4134 | D:3      | Gained mutation: Your spells are a little easier to cast,
                  | but a little less powerful. [potion of mutation]
  4134 | D:3      | HP: 2/42 [giant cockroach (1)]
  4553 | D:4      | Reached XP level 6. HP: 33/33 MP: 9/17
  4632 | D:3      | Reached skill level 7 in Spellcasting
  5098 | D:4      | Found a transporter.
  5101 | D:4      | Noticed weresquid's ghost (amateur TeFE)
  5102 | D:4      | Found a transporter.
  5558 | D:4      | Reached skill level 8 in Spellcasting
  5743 | D:5      | Entered Level 5 of the Dungeon
  5974 | D:5      | Reached XP level 7. HP: 27/37 MP: 12/20
  6126 | D:5      | Noticed Duvessa
  6142 | D:5      | Noticed Eustachio
  6159 | D:4      | Reached skill level 1 in Fighting
  6739 | D:5      | Noticed Dowan
  6741 | D:5      | Reached skill level 9 in Spellcasting
  6761 | D:5      | Killed Dowan
  6762 | D:5      | Reached skill level 5 in Conjurations
  6880 | D:5      | Killed Eustachio
  6881 | D:5      | Reached XP level 8. HP: 21/43 MP: 20/23
  7563 | D:6      | Noticed Sigmund
  7574 | D:6      | Noticed Menkaure
  7586 | D:6      | Killed Sigmund
  7813 | D:5      | Killed Duvessa
  7814 | D:5      | Reached skill level 10 in Spellcasting
  8651 | D:5      | Reached XP level 9. HP: 47/47 MP: 17/25
  8933 | D:6      | Reached skill level 11 in Spellcasting
  8951 | D:6      | Killed Menkaure
  9128 | D:6      | Identified the +1 ring mail of the Moneychanger {Rampage
                  | rC- Will+ Dex+2}
  9367 | D:7      | Found a staircase to the Ecumenical Temple.
  9370 | D:7      | Noticed a troll
  9460 | D:7      | Found a flagged portal.
  9476 | Bailey   | Entered a bailey
  9559 | Bailey   | Mangled by an ogre

Illustrated notes

Levels and vault maps discovered:
D:1:      dpeg_arrival_tiny_g, layout_basic
D:2:      layout_basic, shapermc_ecumenical_altar_starsandcircs, serial_glass,
          glass_columns_a, glass_columns_c, glass_columns_a,
          chequers_serial_rivers_room_a
D:3:      minmay_general_purpose_star, layout_rooms,
          mainiacjoe_overflow_chevrons, serial_shops, nicolae_shop_trees,
          minmay_misc_feat_square, uniq_terence
D:4:      layout_rooms, gammafunk_ghost_mausoleum
D:5:      layout_cave_pools, serial_bayou_pond_d, uniq_duvessa, uniq_eustachio
D:6:      layout_loops_ring, uniq_menkaure, uniq_sigmund
D:7:      layout_basic, minmay_temple_entry_glass, lightli_bailey_entry_fortress
Bailey:   bailey_polearm_enchanted_keep_hellmonk, bailey

Skill      XL: |  1  2  3  4  5  6  7  8  9 |
---------------+----------------------------+-----
Spellcasting   | 5 6 8 9 10 11 | 11.3
Air Magic      | 1 2 3 |  3.0
Conjurations   | 2 3 5 6 7 |  7.0
Poison Magic   | 1 2 3 |  3.0
Fire Magic     | 1 2 |  2.6
Dodging        | 3 4 |  4.5
Fighting       | 1 |  1.5
Translocations | 2 |  2.1
Short Blades   | |  0.5
Stealth        | |  2.4
Summonings     | |  1.1
Evocations     | |  0.4

Action                   |  1- 3 |  4- 6 |  7- 9 || total
-------------------------+-------+-------+-------++-------
Melee: Dagger            |       |     9 |       ||     9
Throw: Throwing net      |       |       |     1 ||     1
 Cast: Magic Dart        |   118 |   215 |   188 ||   521
       Conjure Flame     |       |     6 |    18 ||    24
       Mephitic Cloud    |       |     6 |    21 ||    27
       Blink             |       |     8 |    10 ||    18
Evoke: Wand              |       |       |     6 ||     6
  Use: Potion            |       |     5 |     2 ||     7
       Scroll            |       |       |     7 ||     7
Armor: Robe              |     3 |    21 |    12 ||    36
       Skin              |       |    25 |       ||    25
Dodge: Dodged            |    17 |    64 |    63 ||   144
